 Dungeon Crawl Stone Soup version 0.30-a0-949-g53dc5368d7 (webtiles) character file.

Game seed: 9406728150655234199

501 mopl the Magician (level 6, -2/41 HPs)
             Began as a Mummy Fire Elementalist on Mar 27, 2023.
             Slain by a gnoll bouda
             ... wielding a +0 whip
              (7 damage)
             ... on level 5 of the Dungeon.
             The game lasted 00:04:02 (3299 turns).

mopl the Magician (Mummy Fire Elementalist)         Turns: 3299, Time: 00:04:03

Health: -2/41      AC:  4    Str: 11    XL:     6   Next: 95%
Magic:  0/12       EV: 12    Int: 17    God:
Gold:   283        SH:  4    Dex: 18    Spells: 3/13 levels left

rFire   . . .      SeeInvis .    b - +1 trident (venom)
rCold   + . .      Faith    +    k - +0 buckler
rNeg    + + +      Spirit   .    o - +2 robe {rF+}
rPois   ∞          Reflect  .    (no helmet)
rElec   .          Rampage  .    (no cloak)
rCorr   .                        (no gloves)
Will    .....                    (no boots)
Stlth   ++                       c - amulet of regeneration
HPRegen 1.06/turn                l - ring of flight
MPRegen 0.13/turn                n - +6 ring of dexterity

@: weakened, flying
A: cold resistance 1, negative energy resistance 3, torment resistance 2, heat
vulnerability 1, in touch with death 1, no potions, faith
a: no special abilities


You were on level 5 of the Dungeon.
You visited 1 branch of the dungeon, and saw 5 of its levels.

You collected 283 gold pieces.

Inventory:

Hand Weapons
 a - a +3 vampiric dagger
 b - a +1 trident of venom (weapon)
Missiles
 g - 3 boomerangs
Armour
 k - a +0 buckler (worn)
 o - a +2 robe of fire resistance (worn)
Jewellery
 c - an amulet of regeneration (around neck)
 l - a ring of flight (left hand)
 n - a +6 ring of dexterity (right hand)
 r - an amulet of reflection
Scrolls
 d - 3 scrolls of amnesia {unknown}
 e - 4 scrolls of noise {unknown}
 f - a scroll of vulnerability {unknown}
 h - 3 scrolls of teleportation {unknown}
 i - 2 scrolls of enchant weapon {unknown}
 j - a scroll of summoning {unknown}
 m - a scroll of magic mapping {unknown}
 p - 2 scrolls of immolation {unknown}
 q - a scroll of fog {unknown}


   Skills:
 - Level 1.5 Dodging
 - Level 1.5 Stealth
 + Level 1.5 Shields
 + Level 4.3 Spellcasting
 * Level 3.2 Conjurations
 + Level 1.9 Translocations
 * Level 4.1 Fire Magic


You had 3 spell levels left.
You knew the following spells:

 Your Spells              Type           Power      Damage    Failure   Level
a - Foxfire               Conj/Fire      64%        2x1d7     4%          1
b - Scorch                Fire           34%        2d6       5%          2
c - Kindle Blastsparks    Fire/Tloc/Air  20%        2d11      26%         3
d - Flame Wave            Conj/Fire      16%        2d7       41%         4

Your spell library contained the following spells:

 Spells                   Type           Power      Damage    Failure   Level
 Inner Flame              Hex/Fire       10%        N/A       26%         3
 Frozen Ramparts          Ice            6%         1d1       52%         3
 Summon Ice Beast         Ice/Summ       3%         N/A       89%         4
 Ice Form                 Ice/Tmut       Unusable   N/A       N/A         4

Dungeon Overview and Level Annotations

Branches:
Dungeon (5/15)
 Temple: D:4-7

Altars:


Innate Abilities, Weirdness & Mutations

You are immune to poison.
Your flesh is cold resistant. (rC+)
You are immune to negative energy. (rN+++)
You are immune to unholy pain and torment.
You are vulnerable to heat. (rF-)
You are in touch with the powers of death.
You do not drink.
You have a special connection with the divine. (Faith)


Message History

Flames lash the gnoll bouda.
The gnoll bouda is burned terribly!
The gnoll bouda is moderately wounded.
The gnoll bouda gazes fiercely through you!
You feel your attacks grow feeble.
You miscast Scorch.
You are very lightly contaminated with residual magic.
Nothing appears to happen.
The gnoll bouda gazes fiercely through you!
You feel as though you will be weak longer.
You block the gnoll bouda's attack.
Flames lash the gnoll bouda.
The gnoll bouda is heavily wounded.
The gnoll bouda hits you with a +0 whip!
You hit the gnoll bouda.
The gnoll bouda is poisoned.
The gnoll bouda is severely wounded.
The gnoll bouda hits you with a +0 whip!
You completely miss the gnoll bouda.
The gnoll bouda is severely wounded.
The gnoll bouda gazes fiercely through you!
You feel as though you will be weak longer.
The gnoll bouda hits you with a +0 whip! x2
* * * LOW HITPOINT WARNING * * *
You are too injured to fight recklessly!
You are too injured to fight recklessly!
You closely miss the gnoll bouda.
The gnoll bouda is severely wounded.
The gnoll bouda completely misses you.
You hit the gnoll bouda but do no damage.
The gnoll bouda looks as sick as possible!
The gnoll bouda is almost dead.
The gnoll bouda hits you with a +0 whip!
* * * LOW HITPOINT WARNING * * *
The gnoll bouda hits you with a +0 whip.
* * * LOW HITPOINT WARNING * * *
Your magical contamination has completely faded away.
Casting: Scorch (safe; 5% risk of failure)
Confirm with . or Enter, or press ? or * to list all spells.
You conjure some foxfire!
The gnoll bouda hits you with a +0 whip!
You die...

#...#.#
##.....
......#
#.....
#....#
#....#
#.gv####.#
#.@......#
##v#######
#<# #)#
#.# #.#
#.# #.#
..#


You could see a gnoll bouda (extremely poisoned, combustible, ally target).

Vanquished Creatures
  A water moccasin (D:4)
  A scorpion (D:4)
  3 hounds
  2 jellies (D:4)
  An iguana (D:4)
  3 gnolls
  3 adders
  An ufetubus (D:4)
  A worm (D:2)
  4 dart slugs
  6 orcs
  6 endoplasms
  6 giant cockroaches
  8 goblins
  9 hobgoblins
  3 jackals (D:3)
  A quokka (D:3)
  8 ball pythons
  9 bats
  4 frilled lizards
  6 kobolds
  5 rats
91 creatures vanquished.

Vanquished Creatures (collateral kills)
  2 foxfires (D:1)
2 creatures vanquished.

Vanquished Creatures (others)
  50 foxfires
50 creatures vanquished.

Grand Total: 143 creatures vanquished

Notes
Turn   | Place    | Note
-------+----------+-------------------------------------------
     0 | D:1      | mopl the Mummy Fire Elementalist began the quest for the
                  | Orb.
     0 | D:1      | Reached XP level 1. HP: 13/13 MP: 4/4
    79 | D:1      | Reached skill level 1 in Conjurations
   134 | D:1      | Reached XP level 2. HP: 19/19 MP: 2/5
   137 | D:1      | Learned a level 2 spell: Scorch
   237 | D:1      | Reached skill level 3 in Spellcasting
   496 | D:2      | Gained mutation: You are in touch with the powers of death.
                  | [Mummy growth]
   496 | D:2      | Reached XP level 3. HP: 14/24 MP: 0/7
   571 | D:2      | Learned a level 3 spell: Kindle Blastsparks
  1045 | D:2      | Reached skill level 3 in Fire Magic
  1470 | D:3      | Reached XP level 4. HP: 29/30 MP: 0/8
  1553 | D:3      | Reached skill level 2 in Conjurations
  2184 | D:4      | Noticed a scorpion
  2192 | D:4      | Killed a scorpion
  2193 | D:4      | Reached skill level 1 in Translocations
  2193 | D:4      | Reached XP level 5. HP: 35/35 MP: 1/10
  2282 | D:4      | Reached skill level 1 in Shields
  2360 | D:4      | Learned a level 4 spell: Flame Wave
  2492 | D:4      | Reached skill level 4 in Spellcasting
  2492 | D:4      | Reached XP level 6. HP: 30/41 MP: 1/12
  2505 | D:4      | Noticed a water moccasin
  2582 | D:4      | Killed a water moccasin
  2583 | D:4      | Reached skill level 3 in Conjurations
  3206 | D:5      | Entered Level 5 of the Dungeon
  3208 | D:5      | Reached skill level 4 in Fire Magic
  3299 | D:5      | Slain by a gnoll bouda

Illustrated notes

Levels and vault maps discovered:
D:1:      saegor_arrival_simple_d, layout_rooms, serial_bayou_ford_a,
          minmay_ruptured
D:2:      layout_loops_ring, minmay_misc_feat_square
D:3:      layout_basic, minmay_joined_circles
D:4:      layout_basic, lemuel_doored_altar
D:5:      black_bear_nest_1, layout_loops_corners,
          minmay_temple_entry_overgrown, ebering_ghost_rock_garden,
          minmay_misc_feat_five, st_stairs_3, chequers_serial_rivers_micro_e,
          minivault_4, uniq_sigmund, uniq_grinder, uniq_pikel

Skill      XL: |  1  2  3  4  5  6 |
---------------+-------------------+-----
Conjurations   | 1 2 3 |  3.2
Spellcasting   | 3 4 |  4.3
Fire Magic     | 3 4 |  4.1
Translocations | 1 |  1.9
Shields        | 1 |  1.5
Dodging        | |  1.5
Stealth        | |  1.5

Action                     |  1- 3 |  4- 6 || total
---------------------------+-------+-------++-------
  Melee: Dagger            |    67 |    63 ||   130
         Short sword       |     1 |       ||     1
         Unarmed           |     1 |       ||     1
         Trident           |       |    13 ||    13
   Cast: Foxfire           |    27 |     9 ||    36
         Scorch            |    17 |    48 ||    65
   Stab: Sleeping          |     3 |     1 ||     4
 Armour: Robe              |    11 |    14 ||    25
  Dodge: Dodged            |    61 |    66 ||   127
  Block: Other             |     1 |       ||     1
         Buckler           |    13 |    28 ||    41

Table legend: (Time is in decaauts)
 A = Elapsed time spent in this place.
 B = Non-inter-level travel time spent in this place.
 C = Inter-level travel time spent in this place.
 D = Time resting spent in this place.
 E = Time spent auto-exploring this place.
 F = Levels seen in this place.
 G = Mean time per level.
                   A        B        C        D        E       F      G
               +--------+--------+--------+--------+--------+-----+--------+
         Total |   3317 |   3211 |    106 |    425 |   2187 |   5 |  663.4 |
       Dungeon |   3317 |   3211 |    106 |    425 |   2187 |   5 |  663.4 |
               +--------+--------+--------+--------+--------+-----+--------+

Top non-repeatable levels by time:
     D:4: 1098 daAuts
     D:3: 1042 daAuts
     D:2: 655 daAuts
     D:1: 489 daAuts
     D:5: 31 daAuts
